Map: Oblivion Express

Players

Galactimus

  • Race: Zerg Zerg

LiuXing

  • Race: Protoss Protoss
  • Spawn Location: 0:00

VOD

Have the link to the VOD?

Description

Time

  • Played on: Dec. 18, 2018, 9:37 a.m.
  • Length: 25:15
Show
View Real Time Build Order
Export as new Build Order

Galactimus Zerg 

Build Orders:  

Get SALT Encoding   

  12  0:04  Infested SCV  
  13  0:12  Infested SCV  
  13  0:19  Infested SCV  
  15  0:32  Overlord  
  15  0:44  Infested Refinery  
  15  1:00  Infested SCV  
  15  1:02  Infested SCV  
  15  1:06  Infested SCV  
  18  1:22  Infested SCV  
  19  1:47  Infested Command Center  
  19  1:52  Infested SCV  
  19  1:58  Infested SCV  
  21  2:06  Infested Refinery  
  21  2:13  Anaerobic Enhancement  
  21  2:19  Infested SCV  
  22  2:34  Infested Engineering Bay  
  22  2:41  Overlord  
  22  2:52  Infested SCV  
  23  3:10  Infested SCV  
  23  3:16  Broodling Gestation  
  24  3:26  Infested SCV  
  25  3:33  Infested Barracks  
  25  3:46  Infested SCV  
  26  4:08  Infested Command Center  
  26  4:11  Infested SCV x4  
  26  4:12  Infested SCV  
  26  4:13  Infested Refinery  
  26  4:14  Overlord  
  26  4:19  Stukov Infantry Weapons Level 1  
  31  4:40  Infested SCV  
  31  4:41  Infested SCV x2  
  31  4:47  Infested SCV  
  31  4:48  Infested SCV  
  36  4:56  Infested Refinery  
  36  4:57  Infested SCV  
  37  5:18  Infested Factory  
  37  5:26  Infested SCV x2  
  39  5:43  Infested Factory  
  39  5:48  Infested Barracks Tech Lab  
  39  5:58  Infested Marine x5  
  39  5:59  Infested Marine x5  
  49  6:42  Infestation Level 1  
  49  6:52  Infested Diamondback  
  49  6:59  Stukov Infantry Armor Level 1  
  52  7:01  Infested SCV x2  
  52  7:04  Overlord x2  
  34  8:03  Infested SCV x4  
  38  8:15  Infested Marine x2  
  38  8:16  Infested Marine x5  
  38  8:17  Infested Marine x4  
  38  8:18  Infested Marine x2  
  51  8:23  Infested Diamondback x3  
  51  8:24  Infested Diamondback  
  51  8:26  Overlord x2  
  63  8:36  Unknown  
  63  8:40  Infested Armory  
  63  8:48  Infested Marine x3  
  63  8:49  Infested Marine x4  
  57  9:05  Infested SCV  
  57  9:08  Infested SCV x2  
  57  9:09  Infested SCV x3  
  56  9:56  Infested Diamondback x4  
  68  10:18  Infested SCV x3  
  68  10:19  Aggressive Incubation, Infested SCV  
  72  10:56  Infestation Level 2  
  72  11:13  Infested SCV x3  
  75  11:21  Overlord x3  
  70  11:46  Infested SCV x2  
  67  12:12  Infested Barracks  
  67  12:15  Infested Diamondback  
  67  12:16  Infested Diamondback x4  
  71  13:15  Infested Factory Tech Lab  
  65  13:52  Infested Diamondback x4  
  65  13:53  Infested Diamondback x3  
  86  14:15  Infested SCV x4  
  86  14:16  Infested SCV  
  91  14:36  Infested Diamondback x2  
  91  15:09  Infested Diamondback x2  
  92  16:15  Infested Diamondback x4  
  92  16:19  Stukov Infantry Weapons Level 2  
  104  16:25  Infested Marine x5  
  104  16:26  Infested Marine  
  110  16:50  Overlord x3  
  110  16:51  Overlord x2  
  110  17:23  Infested Starport  
  110  17:32  Infested Marine x2  
  110  17:33  Infested Marine x5  
  110  17:34  Infested Marine x4  
  110  17:35  Infested Marine x4  
  110  17:36  Infested Marine x5  
  110  17:39  Infested Diamondback  
  123  18:21  Infested Diamondback x2  
  123  18:22  Infested Diamondback  
  129  18:34  Infested SCV x2  
  129  18:35  Infested SCV x3  
  124  18:42  Overlord  
  124  18:47  Overseer  
  124  18:51  Overseer x2  
  123  19:03  Infested Armory  
  112  19:25  Infested Diamondback  
  112  19:26  Infested Diamondback  
  112  19:29  Overlord  
  114  20:29  Infested Diamondback  
  117  20:30  Infested Diamondback x4  
  117  20:37  Infested SCV x3  
  132  20:42  Infested SCV  
  132  20:43  Infested SCV  
  131  21:08  Saturated Cultures  
  128  21:30  Infested Diamondback x2  
  128  21:31  Infested Diamondback  
  136  22:08  Caustic Mucus  
  119  22:42  Infested SCV x2  
  119  22:43  Infested SCV x3  
  103  23:30  Infested Diamondback x2  
  103  23:31  Infested Diamondback x3  
  103  23:34  Overlord x2  
  103  23:35  Overlord  
  118  23:41  Infested SCV x3  
  118  23:47  Infested Refinery  
  112  24:27  Infested Diamondback  
  112  24:28  Infested Diamondback  
Show
View Real Time Build Order
Export as new Build Order

LiuXing Protoss 

Build Orders:  

Get SALT Encoding   

  12  0:03  Probe (Chrono Boost)  
  13  0:17  Probe (Chrono Boost)  
  14  0:26  Pylon  
  14  0:32  Probe (Chrono Boost)  
  15  0:51  Probe (Chrono Boost)  
  15  0:54  Gateway  
  16  1:06  Assimilator, Probe (Chrono Boost)  
  17  1:20  Probe (Chrono Boost)  
  18  1:34  Probe (Chrono Boost)  
  19  1:48  Probe (Chrono Boost)  
  20  1:51  Assimilator  
  20  2:00  Cybernetics Core  
  20  2:02  Probe (Chrono Boost)  
  21  2:16  Probe (Chrono Boost)  
  22  2:29  Pylon, Probe (Chrono Boost)  
  23  2:53  Nexus  
  23  3:05  Death Council  
  23  3:12  Probe (Chrono Boost)  
  24  3:27  Probe (Chrono Boost)  
  24  3:29  Warp Gate  
  25  3:54  Probe (Chrono Boost)  
  26  4:00  Ascendant Archives  
  26  4:08  Probe (Chrono Boost)  
  27  4:20  Pylon  
  27  4:22  Probe (Chrono Boost)  
  28  4:35  Probe (Chrono Boost)  
  28  4:36  Probe (Chrono Boost)  
  30  4:43  Mind Blast  
  30  4:48  Probe (Chrono Boost)  
  31  4:52  Probe (Chrono Boost)  
  32  5:02  Probe (Chrono Boost)  
  32  5:09  Probe (Chrono Boost)  
  34  5:16  Probe (Chrono Boost)  
  35  5:26  Probe (Chrono Boost)  
  36  5:30  Probe (Chrono Boost)  
  36  5:31  Chaotic Attunement  
  36  5:39  Pylon  
  37  5:43  Probe (Chrono Boost)  
  37  5:44  Probe (Chrono Boost)  
  37  5:45  Gateway  
  39  5:58  Probe (Chrono Boost)  
  37  6:00  Probe (Chrono Boost)  
  41  6:12  Probe (Chrono Boost)  
  41  6:14  Gateway x2  
  41  6:16  Probe (Chrono Boost)  
  41  6:17  Gateway  
  43  6:20  Power Overwhelming  
  43  6:22  Gateway  
  43  6:33  Gateway, Probe (Chrono Boost)  
  44  7:07  Gateway  
  44  7:10  Gateway  
  44  7:14  Pylon  
  44  7:21  Assimilator  
  44  7:23  Pylon  
  44  7:25  Assimilator  
  44  7:27  Pylon  
  44  7:32  Probe (Chrono Boost)  
  44  7:35  Probe (Chrono Boost)  
  46  7:46  Probe (Chrono Boost)  
  47  7:52  Probe (Chrono Boost)  
  48  8:16  Forge  
  48  8:21  Forge  
  48  8:32  Supplicant x4  
  56  8:44  Probe (Chrono Boost)  
  56  8:47  Supplicant x6  
  56  8:48  Supplicant x4  
  77  9:40  Pylon  
  77  9:42  Pylon  
  77  9:43  Telekinesis, Imposing Presence  
  77  9:51  Pylon  
  77  10:04  Pylon  
  77  10:15  Ascendant x4  
  77  10:16  Ascendant x2  
  77  10:17  Supplicant x4  
  77  10:18  Supplicant x2  
  101  10:21  Pylon  
  101  10:22  Pylon  
  89  10:43  Protoss Ground Weapons Level 1, Protoss Air Weapons Level 1  
  89  10:44  Protoss Ground Armor Level 1, Protoss Air Armor Level 1  
  89  10:45  Supplicant x6  
  101  11:04  Pylon  
  101  11:06  Supplicant x4  
  101  11:07  Pylon, Supplicant x6  
  121  11:11  Ascendant  
  121  11:13  Ascendant  
  113  11:49  Supplicant x2  
  117  11:50  Supplicant x4  
  117  11:52  Ascendant x3  
  109  12:39  Supplicant x4  
  109  12:40  Supplicant x4  
  121  12:42  Ascendant x2  
  129  13:05  Ascendant x3  
  129  13:07  Supplicant x2  
  129  13:08  Supplicant x4  
  133  13:25  Pylon  
  133  13:26  Protoss Air Weapons Level 2, Protoss Ground Weapons Level 2  
  133  13:27  Protoss Air Armor Level 2, Protoss Ground Armor Level 2  
  133  13:30  Pylon  
  119  14:13  Supplicant x6  
  119  14:14  Supplicant x6  
  119  14:16  Ascendant x2  
  103  15:57  Supplicant x4  
  103  15:58  Supplicant x6  
  103  15:59  Supplicant x2  
  111  16:19  Supplicant x2  
  115  16:20  Supplicant x4  
  115  16:49  Supplicant x4  
  117  16:50  Supplicant x4  
  117  16:58  Pylon  
  121  17:03  Pylon  
  121  17:04  Supplicant x2  
  121  17:05  Pylon  
  123  17:21  Pylon  
  123  17:25  Pylon  
  123  17:28  Supplicant x6  
  123  17:29  Supplicant x8  
  141  17:30  Supplicant x2  
  145  17:58  Pylon  
  139  18:02  Pylon  
  121  18:20  Protoss Ground Weapons Level 3, Protoss Air Weapons Level 3  
  121  18:21  Protoss Ground Armor Level 3, Protoss Air Armor Level 3  
  109  18:30  Supplicant x4  
  109  18:31  Supplicant x6  
  109  18:32  Supplicant x6  
  109  18:33  Supplicant x2  
  129  19:07  Supplicant x6  
  129  19:08  Supplicant x2  
  123  19:55  Supplicant x4  
  123  19:56  Supplicant x6  
  123  19:57  Supplicant x2  
  133  20:21  Supplicant x8  
  145  20:45  Supplicant x4  
  145  20:48  Pylon, Supplicant x2  
  157  20:59  Mothership  
  143  21:47  Supplicant x8  
  143  21:48  Supplicant x4  
  143  21:49  Supplicant x4  
  145  22:33  Supplicant x8  
  145  22:34  Supplicant x4  
  117  23:32  Supplicant x6  
  117  23:33  Supplicant x6  
  117  23:34  Supplicant x2  
  107  24:47  Supplicant x4  
Tags
 
Add a new tag
Caveats
  • Supply blocks, unpowered buildings, or Contaminate may cause inaccurate times.
  • Supply counts are checked every 10 seconds.